 Dungeon Crawl Stone Soup version 0.22-a0-179-gb5258fd (webtiles) character file.

56 Fraydo the Skirmisher (level 3, -4/24 HPs)
             Began as a Gargoyle Fighter on Feb 11, 2018.
             Slain by an orc warrior
             ... wielding a +0 short sword
              (7 damage)
             ... on level 2 of the Dungeon on Feb 14, 2018.
             The game lasted 00:04:56 (1410 turns).

Fraydo the Skirmisher (Gargoyle Fighter)            Turns: 1410, Time: 00:04:58

Health: -4/24      AC: 11    Str: 20    XL:     3   Next: 95%
Magic:  3/3        EV:  7    Int:  8    God:
Gold:   67         SH:  0    Dex:  9    Spells: 2/2 levels left

rFire    . . .     SeeInvis .   a - +0 flail
rCold    . . .     Gourm    .   c - +0 shield
rNeg     + . .     Faith    .   b - +0 scale mail
rPois    ∞         Spirit   .   l - +1 hat
rElec    +         Reflect  .   (no cloak)
rCorr    .         Harm     .   (no gloves)
MR       .....                  (no boots)
Stlth    ..........             (no amulet)
HPRegen  0.08/turn              (no ring)
MPRegen  0.08/turn              (no ring)

@: confused
A: negative energy resistance 1, electricity resistance, unbreathing,
petrification resistance, rot immunity, AC +3
a: no special abilities


You were on level 2 of the Dungeon.
You were not hungry.

You visited 1 branch of the dungeon, and saw 2 of its levels.

You collected 67 gold pieces.

Inventory:

Hand Weapons
 a - a +0 flail (weapon)
Armour
 b - a +0 scale mail (worn)
 c - a +0 shield (worn)
 l - a +1 hat (worn)
 m - a +0 helmet
Jewellery
 q - an uncursed ring of poison resistance {unknown}
Scrolls
 d - a scroll of immolation {unknown}
 h - 4 scrolls of identify {unknown}
 j - a scroll of amnesia {unknown}
 k - a scroll of fear {unknown}
 n - a scroll of enchant armour {unknown}
 p - 2 scrolls of teleportation {unknown}
 r - 2 scrolls of blinking {unknown}
Potions
 e - 3 potions of curing {unknown}
 g - a potion of lignification {unknown}
 i - 2 potions of degeneration {unknown}
 s - a potion of haste {unknown}
Comestibles
 f - 4 rations
 o - 4 chunks of flesh


   Skills:
 + Level 4.0 Fighting
 * Level 3.5 Maces & Flails
 - Level 3.2 Armour
 - Level 3.2 Shields


You had 2 spell levels left.
You didn't know any spells.

Dungeon Overview and Level Annotations

Branches:
Dungeon (2/15)

Altars:


Innate Abilities, Weirdness & Mutations

You are resistant to torment.
Your stone body is resilient. (AC +3)
You are immune to poison.
You resist negative energy. (rN+)
You are resistant to electric shocks. (rElec)
You can survive without breathing.
You are immune to petrification.
You are immune to rotting.


Message History

You block the orc wizard's attack. The orc hits you with a flail.
Your shield and scale mail prevent you from hitting the orc wizard.
The orc wizard is heavily wounded.
The orc wizard casts a spell at you. The magic dart hits you!
The orc warrior hits you with a short sword!
* * * LOW HITPOINT WARNING * * *
You block the orc's attack.
The orc wizard gestures at you while chanting.
You are confused.
The orc wizard hits you but does no damage.
The orc warrior hits you with a short sword.
* * * LOW HITPOINT WARNING * * *
The orc wizard hits you with an enchanted dagger.
* * * LOW HITPOINT WARNING * * *
The orc hits you but does no damage. The orc wizard barely misses you.
The orc wizard casts a spell at you.
You are more confused.
The orc warrior hits you with a short sword!
You die...

# ...#.# #......#
#....<.( # #####.#
######## #.###### # #.#
.# #.# # #.#
#####.#####.###### # ..
.$............... #
..#.#####.###### #
######.#.# ###.###### #
##.#...o#!#.###.........
#
....$.o@ob.......†......
#
##.####.o...............
# .....o...............
#####
####.......#.........
....# #...........†.....
....# ########........(.
....#################
#..........
....................#
#...(......
###################.#
##......§..


You could see an orc warrior, 3 orc wizards, an orc and a bat.

Vanquished Creatures
  An adder (D:2)
  2 dart slugs (D:1)
  2 leopard geckos
  11 bats
  A giant cockroach (D:1)
  3 goblins
  7 hobgoblins
  2 jackals (D:1)
  2 frilled lizards
  5 kobolds (D:1)
  4 rats
40 creatures vanquished.

Notes
Turn   | Place    | Note
-------+----------+-------------------------------------------
     0 | D:1      | Fraydo the Gargoyle Fighter began the quest for the Orb.
     0 | D:1      | Reached XP level 1. HP: 14/14 MP: 1/1
   124 | D:1      | Reached XP level 2. HP: 18/19 MP: 2/2
   648 | D:1      | Reached XP level 3. HP: 24/24 MP: 3/3
  1305 | D:2      | Noticed an orc warrior
  1333 | D:1      | Reached skill level 4 in Fighting
  1399 | D:1      | Upgraded the game from 0.22-a0-161-g198051c to 0.22-a0-179-gb5258fd
  1410 | D:2      | Slain by an orc warrior

Vault maps used:
D:1:      tarquinn_simple_flora_water_a
D:2:      chequers_ecumenical_altar_simple

Skill      XL: |  1  2  3 |
---------------+----------+-----
Maces & Flails | 3 |  3.5
Fighting       | 4 |  4.0
Armour         | |  3.2
Shields        | |  3.2

Action                   || total
-------------------------++-------
Melee: Flail             ||   160
  Use: Potion            ||     1
  Eat: Chunk             ||     2
Armor: Scale mail        ||   165
Dodge: Dodged            ||    86
Block: Shield            ||   115

Table legend:
 A = Spawn XP
 B = Non-spawn XP
 C = Spawn XP percentage of total XP
 D = Spawn monster count
 E = Non-spawn monster count
 F = Spawn count percentage of total count
 G = Total turns spent on level
                    A         B        C        D         E        F      G
               +---------+---------+-------+---------+---------+-------+---------
         Total |       0 |      80 |   0.0 |       0 |      40 |   0.0 |  1410
               +---------+---------+-------+---------+---------+-------+---------
           D:1 |       0 |      47 |   0.0 |       0 |      26 |   0.0 |  1142
           D:2 |       0 |      33 |   0.0 |       0 |      14 |   0.0 |   268
               +---------+---------+-------+---------+---------+-------+---------
